 Dungeon Crawl Stone Soup version 0.27-a0-1189-gb8eb6cee8e (webtiles) character file.

Game seed: 13541997658713290401

4 Froggeryz the Skirmisher (level 1, 0/24 HPs)
             Began as an Ogre Berserker on May 23, 2021.
             Was a Follower of Trog.
             Succumbed to a kobold's poison
             ... on level 1 of the Dungeon.
             The game lasted 00:00:29 (190 turns).

Froggeryz the Skirmisher (Ogre Berserker)            Turns: 190, Time: 00:00:30

Health: 0/24       AC:  3    Str: 20    XL:     1   Next: 60%
Magic:  1/1        EV: 10    Int:  8    God:    Trog [*.....]
Gold:   10         SH:  0    Dex:  8    Spells: 0/0 levels left

rFire    . . .     SeeInvis .   a - +0 hand axe
rCold    . . .     Faith    .   (no shield)
rNeg     . . .     Spirit   .   b - +0 animal skin
rPois    .         Reflect  .   (helmet restricted)
rElec    .         Harm     .   (no cloak)
rCorr    .         Rampage  .   (gloves unavailable)
Will     .....                  (boots unavailable)
Stlth    +.........             (no amulet)
HPRegen  0.08/turn              (no ring)
MPRegen  0.07/turn              (no ring)

@: lethally poisoned (0 -> -2), on berserk cooldown, slowed, very slow
A: large, unfitting armour, tough skin 1
a: Renounce Religion, Berserk


You were on level 1 of the Dungeon.
You worshipped Trog.
Trog was aware of your devotion.
You visited 1 branch of the dungeon, and saw 1 of its levels.

You collected 10 gold pieces.

Inventory:

Hand Weapons
 a - a +0 hand axe (weapon)
Armour
 b - a +0 animal skin (worn)


   Skills:
 - Level 4.0 Fighting
 * Level 3.3 Axes
 - Level 2.6 Dodging


You couldn't memorise any spells.
You didn't know any spells.
Your spell library was empty.

Dungeon Overview and Level Annotations

Branches:
Dungeon (1/15)

Altars:


Innate Abilities, Weirdness & Mutations

You are too large for most types of armour.
You have tough skin. (AC +1)


Message History

You hit the kobold.
You kill the kobold!
Trog accepts your kill.
You feel very sick.
You are too injured to fight recklessly!
You are too injured to fight recklessly!
You are too injured to fight recklessly!
You are too injured to fight recklessly!
There is a lethal amount of poison in your body!
There is a lethal amount of poison in your body!
You feel very sick.
Things that are here:
a +2 dagger of venom; a kobold corpse You aren't carrying any potions.
Okay, then.
You aren't carrying any scrolls.
You aren't carrying any items that you can evoke.
* * * LOW HITPOINT WARNING * * *
You feel very sick.
You aren't carrying any potions.
You aren't carrying any scrolls.
Okay, then.
A red film seems to cover your vision as you go berserk!
You feel yourself moving faster!
You feel mighty!
* * * LOW HITPOINT WARNING * * *
You feel sick.
You feel a strong urge to attack something.
You feel sick.
Things that are here:
a +2 dagger of venom; a kobold corpse You feel sick.
You feel your anger nearly subside.
You are no longer berserk.
You are exhausted.
You feel yourself slow down.
* * * LOW HITPOINT WARNING * * *
You feel sick.
* * * LOW HITPOINT WARNING * * *
You feel sick.
You die...

############
###..........#
##..........†.##########
#...........†...........
#..........†.#.........♣
#............##.......♣
....≈≈≈.≈≈≈...@......♣
#..≈≈.....≈≈...#.....♣
..≈≈..8....≈≈..#.##.....
.≈≈.........≈≈.#.# #..♣
.≈.....♣.....≈.#)# .# ##
.≈..♣.....8..≈.#.#..#
.≈≈..8.<....≈≈.#...#
..≈≈..♣....≈≈...$.##
#..≈≈...(.≈≈.......#


There were no monsters in sight!

Vanquished Creatures
  A giant cockroach (D:1)
  A quokka (D:1)
  A frilled lizard (D:1)
  A kobold (D:1)
4 creatures vanquished.

Notes
Turn   | Place    | Note
-------+----------+-------------------------------------------
     0 | D:1      | Froggeryz the Ogre Berserker began the quest for the Orb.
     0 | D:1      | Reached XP level 1. HP: 24/24 MP: 1/1
   189 | D:1      | HP: 1/24 [poisoned by a kobold]
   190 | D:1      | Succumbed to a kobold's poison

Illustrated notes

Levels and vault maps discovered:
D:1:      moated_graveyard_arrival, layout_rooms,
          ebering_ecumenical_altar_petrified

Action                   || total
-------------------------++-------
Melee: Hand axe          ||     8
Invok: Berserk           ||     1
Armor: Animal skin       ||     3
Dodge: Dodged            ||     4

Table legend: (Time is in decaauts)
 A = Elapsed time spent in this place.
 B = Non-inter-level travel time spent in this place.
 C = Inter-level travel time spent in this place.
 D = Time resting spent in this place.
 E = Time spent auto-exploring this place.
 F = Levels seen in this place.
 G = Mean time per level.
                   A        B        C        D        E       F      G
               +--------+--------+--------+--------+--------+-----+--------+
         Total |    190 |    190 |      0 |    134 |     27 |   1 |  190.0 |
       Dungeon |    190 |    190 |      0 |    134 |     27 |   1 |  190.0 |
               +--------+--------+--------+--------+--------+-----+--------+

Top non-repeatable levels by time:
     D:1: 190 daAuts
